 Dungeon Crawl Stone Soup version 0.23-a0-408-g9d4b7ed (webtiles) character file.

194516 aurelian the Black Belt (level 17, -4/156 HPs)
             Began as a Grey Draconian Necromancer on Nov 7, 2018.
             Was the Champion of Cheibriados.
             Slain by a merfolk
             ... wielding a +0 trident
              (9 damage)
             ... on level 1 of the Shoals on Nov 8, 2018.
             The game lasted 02:24:39 (38027 turns).

aurelian the Black Belt (DrNe)                     Turns: 38027, Time: 02:24:40

Health: -4/156     AC: 25    Str: 37      XL:     17   Next: 68%
Magic:  28/28      EV: 25    Int: 42 (43) God:    Cheibriados [******]
Gold:   2355       SH:  0    Dex: 28      Spells: 7/31 levels left

rFire    + . .     SeeInvis .     - Unarmed
rCold    + . .     Gourm    .   (shield currently unavailable)
rNeg     + . .     Faith    .   (armour unavailable)
rPois    .         Spirit   .   G - +0 hat
rElec    .         Reflect  .   Z - +1 cloak {rC+}
rCorr    .         Harm     .   (gloves currently unavailable)
MR       +....                  H - +2 pair of boots {Fly}
Stlth    ++++......             R - macabre finger necklace {rN+}
HPRegen  0.36/turn              d - ring "Neurel" {rF+ Int+4}
MPRegen  0.21/turn              I - +6 ring of protection
                                J - ring of Zoabif {Wiz *Slow Str+9 Int+5}

@: lethally poisoned (-4 -> -20), blade hands, flying, studying Ice Magic, very
slow
A: walk through water, unfitting armour, unbreathing, cold-blooded, AC +14
}: 1/15 runes: serpentine
a: End Transformation, Bend Time, Temporal Distortion, Slouch, Step From Time,
Renounce Religion, Stop Flying


You were on level 1 of the Shoals.
You worshipped Cheibriados.
Cheibriados was exalted by your worship.
You were very hungry.
You had blades for hands.
You visited 6 branches of the dungeon, and saw 29 of its levels.
You also visited: Ice Cave and Volcano.

You collected 2921 gold pieces.
You spent 566 gold pieces at shops.

Inventory:

Hand Weapons
 c - the +6 whip "Reazek" {elec, rF+ rC- MR+ Str+6}
   (You found it on level 6 of the Lair of Beasts)

   Occasionally, upon striking a foe, it will discharge some electrical energy
   and cause terrible harm.
   It affects your strength (+6).
   It protects you from fire.
   It makes you vulnerable to cold.
   It affects your resistance to hostile enchantments.
Missiles
 a - 687 stones (quivered)
 e - 19 curare-tipped needles
 D - 764 arrows
Armour
 n - a +0 shield of protection (melded)
 w - the +2 pair of gloves of Bem Juhu (melded) {rPois Regen+ rCorr Str+2}
   (You found it on level 6 of the Dungeon)

   It affects your strength (+2).
   It protects you from poison.
   It increases your rate of regeneration.
   It provides partial protection from all sources of acid and corrosion.
 G - a +0 hat (worn)
 H - a +2 pair of boots of flying (worn)
 U - a scarf of spirit shield
 Z - a +1 cloak of cold resistance (worn)
Jewellery
 d - the ring "Neurel" (left scythe-like blade) {rF+ Int+4}
   (You took it off a vampire on level 10 of the Dungeon)

   [ring of intelligence]

   It affects your intelligence (+4).
   It protects you from fire.
 u - an uncursed ring of positive energy
 C - the amulet of Wisdom {+Rage rPois}
   (You took it off a naga mage on level 4 of the Snake Pit)

   [amulet of rage]

   It protects you from poison.
   It lets you go berserk.
 I - a +6 ring of protection (right scythe-like blade)
 J - the ring of Zoabif (on amulet) {Wiz *Slow Str+9 Int+5}
   (You found it on level 12 of the Dungeon)

   [ring of wizardry]

   It improves your spell success rate.
   It affects your strength (+9).
   It affects your intelligence (+5).
   It may slow you when you take damage.
 N - an uncursed ring of ice
 R - the macabre finger necklace (around neck) {rN+}
   (You found it on level 3 of the Lair of Beasts)

   [amulet of nothing]

   It protects you from negative energy.
 T - an uncursed amulet of magic regeneration
Wands
 q - a wand of iceblast (43)
 s - a wand of disintegration (38)
 y - a wand of polymorph (22)
 z - a wand of scattershot (6)
 F - a wand of clouds (9)
 M - a wand of digging (4)
 X - a wand of flame (38)
 Y - a wand of paralysis (14)
Scrolls
 h - 13 scrolls of identify
 j - 4 scrolls of vulnerability
 k - 11 scrolls of remove curse
 l - 3 scrolls of enchant weapon
 o - 3 scrolls of fog
 r - 6 scrolls of magic mapping
 v - 2 scrolls of summoning
 x - 4 scrolls of amnesia
 L - 2 scrolls of immolation
 S - 8 scrolls of teleportation
 W - 4 scrolls of enchant armour
Potions
 f - 9 potions of curing
 g - 2 potions of resistance {unknown}
 m - 2 potions of magic
 t - a potion of agility
 A - 4 potions of might
 K - a potion of invisibility
 O - 2 potions of mutation
 Q - 3 potions of flight
 V - 3 potions of brilliance
Books
 i - a manual of Ice Magic
 p - a manual of Ice Magic
Miscellaneous
 E - a lamp of fire
Comestibles
 b - 46 rations


   Skills:
 + Level 15.2 Fighting
 + Level 11.4 Dodging
 - Level 5.0 Stealth
 + Level 8.0 Shields
 - Level 18.0 Unarmed Combat
 + Level 7.6 Spellcasting
 - Level 9.0 Necromancy
 - Level 10.0 Transmutations
 - Level 2.0 Poison Magic
 - Level 9.0 Invocations


You had 7 spell levels left.
You knew the following spells:

 Your Spells              Type           Power        Failure   Level  Hunger
a - Pain                  Necr           ####         2%          1    None
b - Vampiric Draining     Necr           #######...   3%          3    None
c - Animate Dead          Necr           N/A          4%          4    None
d - Blade Hands           Tmut           #######...   6%          5    ###....
e - Regeneration          Chrm/Necr      ######....   6%          3    None
f - Animate Skeleton      Necr           N/A          2%          1    None
x - Spider Form           Tmut/Pois      ######....   4%          3    None
z - Ice Form              Ice/Tmut       ######..     10%         4    None

Your spell library contained the following spells:

 Spells                   Type           Power        Failure   Level  Hunger
 Beastly Appendage        Tmut           ######       1%          1    None
 Sticks to Snakes         Tmut           #######.     2%          2    None
 Infusion                 Chrm           ###.         9%          1    None
 Magic Dart               Conj           ###.         9%          1    None
 Blink                    Tloc           N/A          11%         2    None
 Call Imp                 Summ           ###.....     11%         2    None
 Shroud of Golubria       Chrm/Tloc      ###.......   11%         2    None
 Slow                     Hex            ###.....     11%         2    None
 Song of Slaying          Chrm           ###.....     11%         2    None
 Mephitic Cloud           Conj/Pois/Air  ###.....     12%         3    None
 Conjure Flame            Conj/Fire      ###.....     16%         3    None
 Spectral Weapon          Hex/Chrm       ###.....     16%         3    None
 Haunt                    Necr/Summ      ######....   91%         7    ######.
 Necromutation            Tmut/Necr      #######...   91%         8    #######
 Borgnjor's Revivificati  Necr           #######...   94%         8    #######
 Infestation              Necr           #######...   94%         8    #######
 Death's Door             Chrm/Necr      ######....   100%        8    #######


Dungeon Overview and Level Annotations

Branches:
Dungeon (15/15)            Temple (1/1) D:7            Lair (6/6) D:8
 Shoals (1/4) Lair:4        Snake (4/4) Lair:3        Slime (0/5) Lair:5
    Orc (2/2) D:11            Elf (0/3) Orc:2        Vaults (0/5) D:13
 Depths (0/5) D:15

Altars:
Ashenzari
Cheibriados
Dithmenos
Elyvilon
Fedhas
Gozag
Hepliaklqana
Kikubaaqudgha
Makhleb
Nemelex Xobeh
Okawaru
Qazlal
Ru
Sif Muna
Trog
Uskayaw
Vehumet
Wu Jian
Xom
Yredelemnul
Zin
The Shining One
Jiyva
Lugonu

Shops:
D:8 !   Orc:2 }}!((   Snake:4 !

Annotations:
D:5 exclusion: sky beast
D:7 2 transporters
D:13 3 runed doors, Dullekh's ghost, journeyman FeBe
Lair:5 1 runed door


Innate Abilities, Weirdness & Mutations

You can walk through water.
Your dull iron-grey scales are very hard. (AC +14)
You cannot fit into any form of body armour.
You can survive without breathing.
You are cold-blooded and may be slowed by cold attacks.


Message History

* * * LOW HITPOINT WARNING * * *
The tentacle slaps you but does no damage.
Okay, then.
You feel much better.
You feel sick. The tentacle slaps you.
* * * LOW HITPOINT WARNING * * *
The tentacle slaps you.
* * * LOW HITPOINT WARNING * * *
The tentacle slaps you!
* * * LOW HITPOINT WARNING * * *
A tentacle segment bursts forth from the water.
The merfolk misses you.
A tentacle segment bursts forth from the water.
The kraken misses you. The tentacle closely misses you.
Okay, then.
You fail to use your ability.
* * * LOW HITPOINT WARNING * * *
You feel sick. The tentacle misses you. The tentacle closely misses you.
The kraken closely misses you. The tentacle closely misses you.
The merfolk hits you from afar with a +0 trident!
You die...

.P≈≈≈≈. ###..PP≈≈P
..≈≈≈≈≈.# ###.P...≈≈PP
P..≈≈≈P.## #......P≈P≈≈
#!.≈PP..###...P.P.P≈P≈
##..≈P.......##.P..≈≈≈
###...≈P.......##......≈
......m≈...≈PP...#####.≈
.....≈w≈≈........# ..
.[.≈≈≈w@≈.P....P.# .
≈≈≈≈≈≈Xww.≈≈PP....#
≈≈≈≈≈≈≈≈≈≈P≈≈......#
≈≈≈≈≈≈≈≈≈≈≈≈≈≈≈.....
≈≈≈≈≈≈≈≈≈≈≈≈≈≈≈..≈.
≈≈≈≈≈≈≈≈≈≈≈≈≈≈≈≈≈≈
≈≈≈≈≈≈≈≈≈≈≈≈≈≈≈≈≈
≈≈≈≈≈≈≈≈≈≈≈≈≈≈≈≈


You could see a kraken, a merfolk and 4 tentacles.

Vanquished Creatures
  10 nagarajas
  An orc warlord (Orc:2)
  Aizul (Snake:2)
  An emperor scorpion (D:15)
  A dire elephant (D:15)
  Snorg (Orc:1)
  An ogre mage (D:13)
  Fannar (Lair:1)
  3 hydras
  Harold (Lair:2)
  11 naga warriors
  4 vault guards (D:13)
  A merfolk avatar (Shoals:1)
  13 anacondas
  Erica (D:9)
  A dancing weapon (Volcano)
  2 centaur warriors
  2 two-headed ogres
  An alligator (Lair:6)
  3 orc high priests (Orc:2)
  9 naga sharpshooters
  7 shock serpents
  2 unseen horrors
  A sea snake (Shoals:1)
  9 salamander mystics
  5 wizards (Volcano)
  A deep elf archer (D:13)
  6 naga ritualists
  4 lindwurms (Snake:4)
  6 orc knights
  A necromancer (IceCv)
  6 ugly things (D:15)
  14 mana vipers
  3 deep elf magi
  9 orc sorcerers
  A manticore (shapeshifter) (D:15)
  9 slime creatures
  5 toenail golems (Volcano)
  A manticore (D:15)
  10 salamanders
  A cyclops (D:10)
  4 elephants (Lair:4)
  11 guardian serpents
  A water nymph (Shoals:1)
  A merfolk siren (Lair:4)
  An ice statue (IceCv)
  38 black mambas
  A gargoyle (D:14)
  25 naga magi
  11 spiny frogs
  7 centaur skeletons
  2 rime drakes
  11 freezing wraiths
  6 komodo dragons
  A yaktaur (shapeshifter) (D:14)
  2 ice devils (D:15)
  A yaktaur (D:13)
  A polar bear (shapeshifter) (D:13)
  A queen bee (Lair:4)
  12 trolls
  3 hornets
  14 polar bears
  6 meliai
  3 merfolk (Lair:4)
  6 hippogriffs
  A raiju (shapeshifter) (D:13)
  3 raiju (Lair:6)
  8 dream sheep
  5 blink frogs (Lair:3)
  A meliai zombie (D:15)
  13 yaks
  Eustachio (D:5)
  4 redbacks (Lair:6)
  12 wyverns
  4 vampires
  2 shadows
  2 fire bats (Orc:1)
  A steam dragon (D:11)
  Grum (D:11)
  4 hungry ghosts
  2 basilisks
  26 vampire mosquitoes
  A death yak simulacrum (IceCv)
  8 wargs
  38 nagas
  An acid dragon (D:14)
  13 water moccasins
  12 hell hounds (Lair:6)
  9 porcupines
  A sky beast (D:15)
  3 eyes of draining (D:10)
  21 orc warriors
  An eye of draining (shapeshifter) (D:14)
  4 phantoms
  10 black bears (Lair:6)
  A swamp drake (D:11)
  13 ogres
  5 boggarts (D:12)
  10 ice beasts
  17 centaurs
  A necrophage (D:9)
  20 wolves
  9 crocodiles
  7 big kobolds
  15 bullfrogs
  2 gnoll sergeants
  2 wyvern zombies (D:15)
  8 scorpions
  22 wights
  27 killer bees
  2 swamp dragon simulacra (IceCv)
  8 howler monkeys
  4 electric eels (Lair:6)
  5 crimson imps
  5 draconian simulacra (IceCv)
  A bullfrog zombie (D:12)
  A lava snake (Snake:2)
  A jelly (D:8)
  4 centaur zombies
  9 hounds
  28 orc priests
  3 bullfrog skeletons
  Natasha (thrice) (D:3)
  3 iguanas
  22 orc wizards
  3 troll simulacra (IceCv)
  10 worker ants
  2 spriggan simulacra (IceCv)
  A polar bear simulacrum (IceCv)
  3 centaur simulacra (IceCv)
  A hound zombie (D:11)
  3 hound skeletons
  A worker ant zombie (D:10)
  2 gnolls
  18 adders
  2 naga simulacra (IceCv)
  5 ogre simulacra (IceCv)
  3 shadow imps
  12 white imps (IceCv)
  An ooze (D:4)
  3 adder skeletons
  6 worms
  2 dart slugs
  8 leopard geckos
  75 orcs
  6 giant cockroaches
  8 goblins
  8 hobgoblins
  11 jackals
  31 kobolds
  4 quokkas
  A ball python (D:4)
  6 bats
  2 frilled lizards
  A quokka zombie (D:5)
  8 rats
  3 plants
  A tentacle (Shoals:1)
1060 creatures vanquished.

Vanquished Creatures (collateral kills)
  2 nagarajas
  A hydra (Lair:5)
  2 anacondas (Snake:4)
  2 shock serpents
  A naga sharpshooter (Snake:4)
  A salamander mystic (Snake:4)
  A naga ritualist (Snake:4)
  A mana viper (Snake:4)
  An oklob plant (Lair:3)
  A wolf spider (Lair:6)
  An ugly thing (D:15)
  A slime creature (D:11)
  A cyclops (D:11)
  A naga mage (Snake:4)
  2 elephants (Lair:4)
  A guardian serpent (Snake:4)
  2 black mambas
  A komodo dragon (Lair:6)
  A rime drake (Lair:6)
  A hornet (D:12)
  A blink frog (Lair:4)
  4 dream sheep
  A hippogriff (Lair:1)
  3 wyverns (Lair:6)
  A fire bat (Orc:1)
  A vampire mosquito (D:12)
  A naga (Snake:4)
  A water moccasin (Lair:6)
  2 hell hounds (Lair:6)
  2 porcupines (Lair:4)
  3 orc warriors
  An ice beast (D:10)
  A wolf (Lair:6)
  An ogre (D:11)
  A centaur (D:12)
  3 crocodiles
  3 bullfrogs
  An electric eel (Lair:6)
  An orc priest (D:5)
  3 orc wizards
  2 gnolls (D:5)
  An adder (D:10)
  4 orcs
  A jackal (D:6)
  2 kobolds
  3 fungi (Lair:4)
  19 plants
92 creatures vanquished.

Vanquished Creatures (others)
  A black mamba (Snake:4)
  16 fungi (Lair:6)
  47 plants (Lair:6)
64 creatures vanquished.

Grand Total: 1216 creatures vanquished

Notes
Turn   | Place    | Note
-------+----------+-------------------------------------------
     0 | D:1      | aurelian the Draconian Necromancer began the quest for the
                  | Orb.
     0 | D:1      | Reached XP level 1. HP: 14/14 MP: 3/3
   297 | D:1      | Reached XP level 2. HP: 19/20 MP: 1/5
   317 | D:1      | Learned a level 1 spell: Animate Skeleton
  1354 | D:2      | Reached XP level 3. HP: 24/26 MP: 3/6
  1669 | D:1      | Reached skill level 5 in Necromancy
  1832 | D:2      | Learned a level 3 spell: Vampiric Draining
  2270 | D:2      | Reached XP level 4. HP: 27/33 MP: 1/8
  2899 | D:3      | Found a burning altar of Makhleb.
  3199 | D:3      | Noticed Natasha
  3203 | D:3      | Killed Natasha
  3203 | D:3      | Reached XP level 5. HP: 31/38 MP: 5/9
  3352 | D:3      | Noticed Natasha
  3354 | D:3      | Killed Natasha
  3798 | D:3      | Noticed Natasha
  3804 | D:3      | Killed Natasha
  3940 | D:4      | Learned a level 4 spell: Animate Dead
  4219 | D:4      | Reached XP level 6. HP: 39/45 MP: 3/11
  5451 | D:5      | Entered Level 5 of the Dungeon
  5832 | D:5      | Noticed Eustachio
  5888 | D:5      | Noticed a sky beast
  6333 | D:4      | Your scales start taking on a dull iron-grey colour.
  6333 | D:4      | Reached XP level 7. HP: 49/50 MP: 13/13
  6333 | D:4      | Gained mutation: You can survive without breathing. [Grey
                  | Draconian growth]
  6444 | D:5      | Killed Eustachio
  6444 | D:5      | Reached skill level 1 in Fighting
  6750 | D:5      | Reached skill level 5 in Spellcasting
  7217 | D:5      | Found a stormy altar of Qazlal.
  7712 | D:6      | Reached skill level 1 in Shields
  7712 | D:6      | Reached XP level 8. HP: 62/63 MP: 11/15
  7767 | D:6      | Got a pair of dazzling gloves
  7768 | D:6      | Identified the +2 pair of gloves of Bem Juhu {rPois Regen+
                  | rCorr Str+2} (You found it on level 6 of the Dungeon)
  8630 | D:6      | Found a hide-covered altar of Uskayaw.
  8950 | D:6      | Reached skill level 5 in Fighting
  9142 | D:7      | Noticed a komodo dragon
  9142 | D:7      | Noticed a purple ugly thing
  9143 | D:7      | Found a transporter.
  9146 | D:7      | Found a corrupted altar of Lugonu.
  9147 | D:7      | Noticed a green ugly thing
  9148 | D:7      | a komodo dragon changed into a floating eye
  9149 | D:7      | Noticed a brown ugly thing
  9150 | D:7      | Noticed a purple ugly thing
  9181 | D:7      | Learned a level 3 spell: Spider Form
  9478 | D:7      | Found a staircase to the Ecumenical Temple.
  9489 | D:7      | Identified the cursed +0 war axe of the Traitor {chop,
                  | rPois} (You found it on level 7 of the Dungeon)
  9507 | Temple   | Entered the Ecumenical Temple
  9729 | Temple   | Became a worshipper of Cheibriados the Contemplative
  9829 | D:7      | Reached skill level 1 in Transmutations
  9829 | D:7      | Reached skill level 1 in Poison Magic
  9829 | D:7      | Reached XP level 9. HP: 72/74 MP: 10/16
 10057 | D:7      | Reached skill level 1 in Unarmed Combat
 10320 | D:7      | Found a transporter.
 10598 | D:7      | Reached skill level 2 in Unarmed Combat
 10668 | D:7      | Learned a level 3 spell: Regeneration
 10802 | D:7      | Reached skill level 3 in Unarmed Combat
 11002 | D:6      | Reached skill level 4 in Unarmed Combat
 11210 | D:8      | Reached * piety under Cheibriados
 11249 | D:8      | Found a basalt altar of Yredelemnul.
 11278 | D:8      | Found Womany's Distillery.
 11306 | D:8      | Bought a potion of might for 52 gold pieces
 11306 | D:8      | Bought a potion of curing for 39 gold pieces
 11306 | D:8      | Bought a potion of might for 52 gold pieces
 11327 | D:8      | Reached skill level 5 in Unarmed Combat
 11383 | D:8      | Found a shadowy altar of Dithmenos.
 11386 | D:8      | Found an ancient bone altar of Kikubaaqudgha.
 12247 | D:8      | Found a staircase to the Lair.
 12598 | D:8      | Reached skill level 6 in Unarmed Combat
 12619 | D:8      | Reached XP level 10. HP: 82/82 MP: 11/17
 12629 | D:9      | Reached ** piety under Cheibriados
 12733 | D:9      | Found a glowing golden altar of the Shining One.
 13184 | D:9      | Reached skill level 5 in Transmutations
 13397 | D:9      | Noticed Erica
 13438 | D:9      | Killed Erica
 13438 | D:9      | Reached *** piety under Cheibriados
 13438 | D:9      | Reached skill level 7 in Unarmed Combat
 13655 | D:10     | Entered Level 10 of the Dungeon
 13795 | D:10     | Noticed a two-headed ogre
 13821 | D:10     | Killed a two-headed ogre
 13821 | D:10     | Reached skill level 1 in Invocations
 14139 | D:10     | Reached skill level 8 in Unarmed Combat
 14500 | D:10     | Reached XP level 11. HP: 92/92 MP: 7/18
 14780 | D:10     | Reached **** piety under Cheibriados
 14787 | D:10     | Killed an unseen horror
 15106 | D:10     | Reached skill level 9 in Unarmed Combat
 15316 | D:10     | Noticed an orc knight
 15319 | D:10     | Identified the +1 quarterstaff of Popular Demand {freeze,
                  | rF+ MR- Dex+2}
 15319 | D:10     | Identified the ring "Neurel" {rF+ Int+4}
 15345 | D:10     | Killed an orc knight
 15505 | D:10     | Noticed a deep elf mage
 15618 | Lair:1   | Entered Level 1 of the Lair of Beasts
 15624 | Lair:1   | Learned a level 4 spell: Ice Form
 15938 | Lair:1   | Noticed Fannar
 15957 | Lair:1   | Killed Fannar
 16036 | Lair:1   | Reached ***** piety under Cheibriados
 16579 | Lair:2   | Reached skill level 5 in Dodging
 16687 | Lair:2   | Noticed Harold
 16753 | Lair:2   | Killed Harold
 16857 | Lair:2   | Reached skill level 5 in Invocations
 17077 | Lair:2   | Reached skill level 10 in Unarmed Combat
 17686 | Lair:3   | Reached XP level 12. HP: 103/103 MP: 19/19
 17729 | Lair:3   | Found the macabre finger necklace {rN+}
 18130 | Lair:3   | Found a staircase to the Snake Pit.
 18662 | Lair:4   | Reached ****** piety under Cheibriados
 18667 | Lair:4   | Reached skill level 11 in Unarmed Combat
 18841 | Lair:4   | Identified a scroll of acquirement
 18979 | Lair:4   | Found a staircase to the Shoals.
 19929 | Lair:5   | Found a runed door.
 19929 | Lair:5   | Found a viscous altar of Jiyva.
 19940 | Lair:5   | Found a staircase to the Slime Pits.
 20051 | Lair:5   | Noticed a four-headed hydra
 20057 | Lair:5   | Killed a four-headed hydra
 20057 | Lair:5   | Reached XP level 13. HP: 112/112 MP: 15/22
 20216 | Lair:5   | Learned a level 5 spell: Blade Hands
 20433 | Lair:6   | Entered Level 6 of the Lair of Beasts
 20695 | Lair:6   | Reached skill level 12 in Unarmed Combat
 20896 | Lair:6   | Reached skill level 10 in Fighting
 21505 | Lair:6   | Identified the +6 whip "Reazek" {elec, rF+ rC- MR+ Str+6}
                  | (You found it on level 6 of the Lair of Beasts)
 22095 | Lair:6   | Reached skill level 13 in Unarmed Combat
 22969 | D:11     | Reached XP level 14. HP: 122/122 MP: 23/23
 23093 | D:11     | Found a bloodstained altar of Trog.
 23165 | D:11     | Found a staircase to the Orcish Mines.
 23332 | D:11     | Noticed Grum
 23338 | D:11     | Killed Grum
 23821 | D:12     | Reached skill level 10 in Transmutations
 23911 | D:12     | Identified the ring of Zoabif {Wiz *Slow Str+9 Int+5} (You
                  | found it on level 12 of the Dungeon)
 24913 | D:13     | Found a runed gate.
 24913 | D:13     | Found a runed gate.
 24913 | D:13     | Found a runed gate.
 24913 | D:13     | Noticed Dullekh's ghost (journeyman FeBe)
 25250 | D:13     | Reached skill level 14 in Unarmed Combat
 25428 | D:13     | Reached skill level 5 in Shields
 25737 | D:13     | Found a gate to the Vaults.
 26228 | D:14     | Found a shattered altar of Ashenzari.
 26296 | D:14     | Found a shadowy altar of Dithmenos.
 26364 | D:15     | Entered Level 15 of the Dungeon
 26563 | D:15     | Found a frozen archway.
 26574 | IceCv    | Entered an ice cave
 26753 | IceCv    | Reached XP level 15. HP: 132/132 MP: 24/24
 26828 | IceCv    | Identified the +9 shortbow "Vurphoiv" {venom, *Slow Str+6}
                  | (You found it in an ice cave)
 26842 | IceCv    | Found an ancient bone altar of Kikubaaqudgha.
 27557 | D:15     | Reached skill level 15 in Unarmed Combat
 27703 | D:15     | Found a staircase to the Depths.
 28237 | Snake:1  | Entered Level 1 of the Snake Pit
 29536 | Snake:1  | Reached skill level 10 in Dodging
 29765 | Snake:2  | Noticed a nagaraja
 29773 | Snake:2  | Killed a nagaraja
 29901 | Snake:2  | Noticed a nagaraja
 29907 | Snake:2  | Killed a nagaraja
 29911 | Snake:2  | Noticed a nagaraja
 29912 | Snake:2  | Noticed Aizul
 29920 | Snake:2  | Killed a nagaraja
 30548 | Snake:2  | Reached XP level 16. HP: 141/141 MP: 21/25
 30677 | Snake:2  | Reached skill level 5 in Stealth
 30764 | Snake:2  | Killed Aizul
 30764 | Snake:2  | Reached skill level 16 in Unarmed Combat
 32050 | Snake:3  | Found a sacrificial altar of Ru.
 32632 | Snake:4  | Entered Level 4 of the Snake Pit
 33420 | Snake:4  | Reached skill level 17 in Unarmed Combat
 33620 | Snake:4  | Found Igrufy's Distillery.
 33650 | Snake:4  | Bought a potion of curing for 54 gold pieces
 33650 | Snake:4  | Bought a potion of might for 72 gold pieces
 33650 | Snake:4  | Bought a potion of agility for 72 gold pieces
 34510 | Snake:4  | Reached XP level 17. HP: 152/152 MP: 20/26
 34516 | Snake:4  | Identified the amulet of Wisdom {+Rage rPois}
 34798 | Snake:4  | Reached skill level 18 in Unarmed Combat
 35055 | Snake:4  | Got a serpentine rune of Zot
 35221 | Lair:3   | Upgraded the game from 0.23-a0-407-g92528d7 to
                  | 0.23-a0-408-g9d4b7ed
 35401 | Orc:1    | Entered Level 1 of the Orcish Mines
 35404 | Orc:1    | Noticed Snorg
 35410 | Orc:1    | Paralysed by an orc sorcerer for 4 turns
 35415 | Orc:1    | Killed Snorg
 35578 | Orc:1    | Found a dark tunnel.
 35590 | Volcano  | Entered a volcano
 35925 | Orc:1    | Reached skill level 15 in Fighting
 36372 | Orc:2    | Entered Level 2 of the Orcish Mines
 36853 | Orc:2    | Found Oheelum's Antique Weapon Shop.
 37237 | Orc:2    | Found a staircase to the Elven Halls.
 37484 | Orc:2    | Paralysed by an orc sorcerer for 7 turns
 37529 | Orc:2    | Found Fokk's Antique Weapon Emporium.
 37529 | Orc:2    | Found Weif's Gadget Emporium.
 37560 | Orc:2    | Found Gurokhleu's Gadget Shop.
 37565 | Orc:2    | Found Niuvat Niaso's Distillery.
 37569 | Orc:2    | Bought a potion of curing for 45 gold pieces
 37569 | Orc:2    | Bought a potion of might for 60 gold pieces
 37569 | Orc:2    | Bought a potion of invisibility for 120 gold pieces
 37964 | Shoals:1 | Entered Level 1 of the Shoals
 38014 | Shoals:1 | Noticed a kraken
 38025 | Shoals:1 | HP: 6/156 [tentacle[a kraken] (12)]
 38027 | Shoals:1 | Slain by a merfolk

Vault maps used:
D:1:      scummos_arrival_checkerplants, chequers_big_river
D:2:      first_ration, patterned_corridor
D:3:      hangedman_decor_opposing, corexii_item_surrounded_by_moat,
          makhleb_blood_cavern_becter, uniq_natasha
D:5:      grunt_qazlal_clouds, uniq_eustachio
D:6:      cheibrodos_thug_alley, basic_altar
D:7:      gammafunk_corrupted_shrine, minmay_temple_entry_mist
D:8:      nicolae_overflow_hidden_temple, grunt_lair_entry_orc_guard_hut,
          serial_shops, shop, grunt_ogre_cave
D:9:      tso_altar, uniq_erica
D:10:     minmay_the_grid_octo_tiled_octocenter
D:11:     erik_orc_1, minmay_misc_feat_more_columns, trog_ov_bears_minmay,
          uniq_grum
D:13:     grunt_vaults_entry_fortified, gammafunk_ghost_necromancy, spider_trap
D:14:     ashenzari_altar_1, nicolae_dithmenos_the_darkroom
D:15:     hangedman_depths_entry_try_elsewhere_first,
          portal_ice_cave_demonic_guard, columned_hall_lemuel, nrook_mini_vaults
Temple:   dpeg_five_rooms_temple
Lair:1:   uniq_fannar
Lair:2:   uniq_harold
Lair:3:   minmay_snake_entry_guardpost_small, serial_bayou_pond_e,
          beast_lair_carwin_9, minmay_lair_oklob_chamber, grunt_megastairs_3
Lair:4:   elwin_shoals_entry_stream, special_room
Lair:5:   slime_altar_2
Lair:6:   hangedman_lair_caniforms_friends, hangedman_lair_tendril_chambers,
          serial_bayou, serial_bayou_crossing, serial_bayou_pond_c,
          serial_bayou_lagoon_a, serial_bayou_pond_a, serial_bayou_ford_a
Shoals:1: nicolae_shoals_c_island
Snake:1:  statue_in_the_mist_lemuel
Snake:2:  nicolae_aizul_guard, nicolae_snake_shapes
Snake:3:  basic_altar, grunt_ministairs_8
Snake:4:  snake_pit_salamanders_mu, serial_shops, shop
Orc:1:    nicolae_volcano_entry_batcave, nicolae_orc_damp_corner, uniq_snorg
Orc:2:    st_orc_elflike, serial_shops, nicolae_shop_overgrown_old_shop,
          special_room
IceCv:    ice_cave_small_necro
Volcano:  volcano_bunker

Skill      XL: |  1  2  3  4  5  6  7  8  9 10 11 12 13 14 15 16 17 |
---------------+----------------------------------------------------+-----
Necromancy     | 5 6 7 8 9 |  9.0
Spellcasting   | 3 4 5 6 7 |  7.6
Fighting       | 3 5 7 8 9 10 11 12 14 15 | 15.2
Shields        | 1 4 6 7 8 |  8.0
Transmutations | 1 4 5 7 8 9 10 | 10.0
Poison Magic   | 1 2 |  2.0
Unarmed Combat | 6 8 10 11 13 14 15 17 18 | 18.0
Stealth        | 3 4 5 |  5.0
Dodging        | 3 5 6 8 9 10 11 | 11.4
Invocations    | 2 5 7 8 9 |  9.0

Action                   |  1- 3 |  4- 6 |  7- 9 | 10-12 | 13-15 | 16-18 || total
-------------------------+-------+-------+-------+-------+-------+-------++-------
Melee: Short sword       |    16 |     2 |       |       |       |       ||    18
       Tailslap          |     3 |     5 |    25 |    73 |   157 |   121 ||   384
       Spear             |       |    37 |   121 |       |       |       ||   158
       Whip              |       |       |   117 |       |       |       ||   117
       Unarmed           |       |       |    54 |   600 |   951 |   557 ||  2162
       Punch             |       |       |       |       |    45 |    34 ||    79
Throw: Stone             |       |       |     4 |    13 |    37 |    41 ||    95
 Cast: Pain              |    73 |   128 |   238 |    29 |       |       ||   468
       Animate Skeleton  |     6 |    11 |    22 |    28 |    33 |    14 ||   114
       Animate Dead      |       |       |    14 |    28 |    40 |    40 ||   122
       Spider Form       |       |       |     7 |    19 |       |       ||    26
       Regeneration      |       |       |     1 |    14 |    32 |    19 ||    66
       Vampiric Draining |       |       |     1 |       |       |       ||     1
       Ice Form          |       |       |       |    29 |    34 |     7 ||    70
       Blade Hands       |       |       |       |       |    46 |    43 ||    89
Invok: Slouch            |       |       |       |     1 |    11 |     2 ||    14
       Temporal Distorti |       |       |       |       |     3 |     1 ||     4
       Bend Time         |       |       |       |       |     1 |       ||     1
 Abil: End Transformatio |       |       |       |     2 |     6 |     3 ||    11
Evoke: Wand              |       |       |     4 |     7 |     5 |     9 ||    25
       Lamp of fire      |       |       |       |     1 |       |       ||     1
  Use: Scroll            |     1 |     6 |    13 |    11 |    10 |     2 ||    43
       Potion            |       |       |     1 |     8 |     5 |     4 ||    18
 Stab: Sleeping          |       |     1 |     1 |     5 |    11 |     4 ||    22
       Distracted        |       |       |     1 |     2 |    11 |     3 ||    17
       Confused          |       |       |       |     3 |       |       ||     3
  Eat: Chunk             |     5 |    12 |    15 |    11 |    18 |     9 ||    70
       Ration            |       |       |     2 |     3 |     4 |     3 ||    12
Armor: Skin              |    13 |    30 |   157 |   112 |   309 |   172 ||   793
Dodge: Dodged            |    24 |    54 |   258 |   418 |   939 |   516 ||  2209
Block: Buckler           |       |       |    57 |    69 |    53 |       ||   179
       Shield            |       |       |       |       |    73 |   137 ||   210

Table legend:
 A = Non-vault XP
 B = Vault XP
 C = Vault XP percentage of total XP
 D = Non-vault monster count
 E = Vault monster count
 F = Vault count percentage of total count
                 A         B        C        D         E       F
            +---------+---------+-------+---------+---------+-------
      Total |  135387 |  130904 |  49.2 |     719 |     408 |  36.2
            +---------+---------+-------+---------+---------+-------
        D:1 |      43 |       0 |   0.0 |      22 |       0 |   0.0
        D:2 |      85 |       0 |   0.0 |      22 |       0 |   0.0
        D:3 |     134 |      77 |  36.5 |      13 |       2 |  13.3
        D:4 |     339 |       0 |   0.0 |      25 |       0 |   0.0
        D:5 |     654 |     217 |  24.9 |      28 |       1 |   3.4
        D:6 |     917 |      91 |   9.0 |      26 |       9 |  25.7
        D:7 |     888 |     137 |  13.4 |      20 |       2 |   9.1
        D:8 |    1682 |     388 |  18.7 |      27 |       3 |  10.0
        D:9 |    1779 |     912 |  33.9 |      41 |       1 |   2.4
       D:10 |    3641 |    4545 |  55.5 |      34 |      33 |  49.3
       D:11 |    5131 |    1555 |  23.3 |      26 |      22 |  45.8
       D:12 |    6753 |       0 |   0.0 |      52 |       0 |   0.0
       D:13 |    4741 |    7299 |  60.6 |      21 |      10 |  32.3
       D:14 |    5428 |       0 |   0.0 |      36 |       0 |   0.0
       D:15 |   12793 |    4344 |  25.3 |      45 |       6 |  11.8
     Lair:1 |     854 |     984 |  53.5 |       7 |       1 |  12.5
     Lair:2 |    2099 |     997 |  32.2 |       9 |       1 |  10.0
     Lair:3 |    1850 |    3081 |  62.5 |      13 |      15 |  53.6
     Lair:4 |    5973 |    3478 |  36.8 |      26 |      24 |  48.0
     Lair:5 |    2943 |     854 |  22.5 |       8 |       3 |  27.3
     Lair:6 |    6554 |   18252 |  73.6 |      27 |      90 |  76.9
   Shoals:1 |    2096 |       0 |   0.0 |       3 |       0 |   0.0
    Snake:1 |   13158 |     551 |   4.0 |      29 |       1 |   3.3
    Snake:2 |   14033 |   12147 |  46.4 |      29 |      15 |  34.1
    Snake:3 |   19827 |    4363 |  18.0 |      39 |       7 |  15.2
    Snake:4 |   11955 |   43829 |  78.6 |      24 |      68 |  73.9
      Orc:1 |    4406 |    1607 |  26.7 |      29 |       4 |  12.1
      Orc:2 |    4631 |    8156 |  63.8 |      38 |      25 |  39.7
      IceCv |       0 |    6294 | 100.0 |       0 |      54 | 100.0
    Volcano |       0 |    6746 | 100.0 |       0 |      11 | 100.0
            +---------+---------+-------+---------+---------+-------
